 Dungeon Crawl Stone Soup version 0.31-a0-188-g5e087ee2ca (webtiles) character file.

Game seed: 6558517264695918238

644 qw the Skirmisher (level 7, 0/40 HPs)
             Began as a Deep Elf Hunter on June 23, 2023.
             Slain by Pikel
             ... wielding a +2 whip of freezing
              (7 damage)
             ... on level 5 of the Dungeon.
             The game lasted 00:01:30 (3350 turns).

qw the Skirmisher (Deep Elf Hunter)                 Turns: 3350, Time: 00:01:30

Health: 0/40       AC:  9    Str: 10    XL:     7   Next: 26%
Magic:  9/9        EV: 13    Int: 14    God:
Gold:   203        SH:  0    Dex: 18    Spells: 6/6 levels left

rFire   . . .        n - +0 orcbow
rCold   . . .        (shield currently unavailable)
rNeg    . . .        c - +0 leather armour
rPois   .            (no helmet)
rElec   .            l - +0 cloak
rCorr   .            (no gloves)
SInv    .            f - +0 pair of boots
Will    .....        (no amulet)
Stlth   ++           i - +4 ring of protection
HPRegen 0.26/turn    (no ring)
MPRegen 0.11/turn

%: no passive effects
@: no status effects
A: no striking features
a: no special abilities


You were on level 5 of the Dungeon.
You visited 1 branch of the dungeon, and saw 5 of its levels.

You collected 344 gold pieces.
You spent 141 gold pieces at shops.


   Skills:
 - Level 2.5 Fighting
 + Level 10.3 Ranged Weapons
 - Level 4.5 Dodging
 - Level 1.2 Stealth


You had 6 spell levels left.
You didn't know any spells.
Your spell library was empty.

Inventory:

Hand Weapons
 n - a +0 orcbow (weapon)
Armour
 a - a +1 leather armour of fire resistance
 c - a +0 leather armour (worn)
 f - a +0 pair of boots (worn)
 l - a +0 cloak (worn)
 m - a +0 scale mail
Jewellery
 i - a +4 ring of protection (left hand)
Scrolls
 e - a scroll of identify
Potions
 b - 2 potions of degeneration {unknown}
 d - 3 potions of curing
 g - a potion of brilliance {unknown}
 h - a potion of cancellation {unknown}
 k - 2 potions of enlightenment
 o - a potion of mutation {unknown}

Dungeon Overview and Level Annotations

Branches:
Dungeon (5/15)
 Temple: D:4-7

Altars:
Sif Muna

Shops:
D:2 ![:

Annotations:
D:5 Pikel


Message History

Pikel freezes you.
You shoot an arrow. The arrow hits Pikel!
Pikel is heavily wounded.
Pikel closely misses you.
You shoot an arrow. The arrow closely misses Pikel.
Pikel closely misses you.
You shoot an arrow. The arrow misses Pikel.
Pikel hits you with a +2 whip of freezing.
Pikel freezes you.
You shoot an arrow.
The arrow hits Pikel but does no damage.
Pikel is heavily wounded.
Pikel misses you.
You shoot an arrow. The arrow hits Pikel.
Pikel is heavily wounded.
Pikel closely misses you.
You shoot an arrow.
The arrow hits Pikel but does no damage.
Pikel is heavily wounded.
Pikel barely misses you.
Pikel hits you with a +2 whip of freezing.
Pikel freezes you.
You shoot an arrow. The arrow hits Pikel.
Pikel is heavily wounded.
Pikel closely misses you.
You shoot an arrow. The arrow hits Pikel.
Pikel is heavily wounded.
Pikel hits you with a +2 whip of freezing.
Pikel freezes you.
You shoot an arrow. The arrow barely misses Pikel.
Pikel closely misses you.
You shoot an arrow. The arrow barely misses Pikel.
Pikel misses you.
You shoot an arrow. The arrow closely misses Pikel.
Pikel misses you.
You shoot an arrow. The arrow closely misses Pikel.
Pikel completely misses you.
You shoot an arrow. The arrow closely misses Pikel.
Pikel hits you with a +2 whip of freezing!
You die...

...%...................
##.#....##~#.......####
...#..#~#~~###..####
##.#..#~~~~~ #.)#
##...##~#~~#~~#.#
.###.#~~~~~~~~#%#
#.##.~~#~~~#~~#.#
.#.#.##~~~~~~##.##
......#~~#~~~~..@#
......~##~~###...K555...
........~ #.....####...
.#.#.........(..##
.#######.......## ..#
###...# ..# ##+# ..# #.#
#.# #.#


You could see Pikel and 3 lemures.

Vanquished Creatures
  A black bear (D:5)
  A centaur (D:5)
  A phantom (D:4)
  A scorpion (D:4)
  An orc priest (D:5)
  2 iguanas (D:5)
  3 orc wizards (D:3)
  3 gnolls (D:3)
  5 adders
  A white imp (D:5)
  A worm (D:2)
  5 dart slugs
  12 orcs
  10 endoplasms
  2 giant cockroaches (D:2)
  7 hobgoblins
  4 jackals
  5 quokkas
  6 ball pythons
  6 bats
  3 frilled lizards
  3 goblins
  3 kobolds
  9 rats
95 creatures vanquished.

Notes
Turn   | Place    | Note
-------+----------+-------------------------------------------
     0 | D:1      | qw the Deep Elf Hunter began the quest for the Orb.
     0 | D:1      | Reached XP level 1. HP: 12/12 MP: 3/3
     0 | D:1      | 0 ||| qw: Version: 0.3-a-9-g12657ce
     0 | D:1      | 0 ||| qw: Game counter: 3947
     0 | D:1      | 0 ||| qw: Always use a shield: true
     0 | D:1      | 0 ||| qw: God list: Okawaru
     0 | D:1      | 0 ||| qw: Allow faded altars: false
     0 | D:1      | 0 ||| qw: Do Orc after D:15 true
     0 | D:1      | 0 ||| qw: Do second Lair branch before Depths: true
     0 | D:1      | 0 ||| qw: Lair rune preference: random
     0 | D:1      | 0 ||| qw: Plans: Normal
     0 | D:1      | 0 ||| PLANNING D:1-11
   138 | D:1      | 138 ||| FLEEEEING.
   143 | D:1      | Reached skill level 6 in Ranged Weapons
   143 | D:1      | Reached XP level 2. HP: 16/16 MP: 4/4
   612 | D:1      | 612 ||| UPGRADING to +0 pair of boots.
   617 | D:1      | 617 ||| READING scroll labelled SIATIU MEOLO.
   618 | D:1      | 618 ||| READING scroll labelled BESHOTR DESKAS.
   619 | D:1      | 619 ||| DROPPING scroll of butterflies.
   737 | D:2      | Reached XP level 3. HP: 20/20 MP: 5/5
   817 | D:2      | Found Qirhunn's Armour Shoppe.
   825 | D:2      | Found a faded altar of an unknown god.
   845 | D:2      | 845 ||| BUYING +0 cloak (45 gold).
   845 | D:2      | Bought a +0 cloak for 45 gold pieces
   845 | D:2      | 845 ||| SHOPLISTING +0 ring mail (40 gold, have 38).
   845 | D:2      | 845 ||| SHOPLISTING +0 scale mail (40 gold, have 38).
   875 | D:2      | Found Limot's Book Emporium.
   888 | D:2      | 888 ||| UPGRADING to +0 cloak.
  1029 | D:2      | Reached skill level 7 in Ranged Weapons
  1140 | D:2      | Found Vigarie's Distillery.
  1157 | D:2      | 1157 ||| BUYING potion of curing (36 gold).
  1157 | D:2      | Bought a potion of curing for 36 gold pieces
  1157 | D:2      | 1157 ||| BUYING potion of enlightenment (60 gold).
  1157 | D:2      | Bought a potion of enlightenment for 60 gold pieces
  1157 | D:2      | 1157 ||| SHOPLISTING potion of heal wounds (60 gold, have
                  | 18).
  1157 | D:2      | 1157 ||| SHOPLISTING potion of resistance (120 gold, have
                  | 18).
  1331 | D:2      | 1331 ||| UPGRADING to +4 ring of protection.
  1332 | D:2      | 1332 ||| READING scroll labelled WATROSSAZITH.
  1336 | D:2      | 1336 ||| READING scroll labelled FEUTID LIARCHA.
  1362 | D:3      | Reached XP level 4. HP: 25/25 MP: 6/6
  1386 | D:3      | Reached skill level 8 in Ranged Weapons
  1893 | D:3      | Reached XP level 5. HP: 29/29 MP: 7/7
  1964 | D:3      | Found a shimmering blue altar of Sif Muna.
  1977 | D:3      | 1977 ||| FLEEEEING.
  1978 | D:3      | 1978 ||| FLEEEEING.
  1979 | D:3      | 1979 ||| FLEEEEING.
  2004 | D:3      | 2004 ||| Stepping randomly (disturbance).
  2005 | D:3      | 2005 ||| Stepping randomly (disturbance).
  2062 | D:3      | Reached skill level 9 in Ranged Weapons
  2063 | D:3      | 2063 ||| READING 2 scrolls labelled PIALIC GIBAEXT.
  2064 | D:3      | 2064 ||| READING scroll labelled NUNEMM LURIUMO.
  2065 | D:3      | 2065 ||| READING scroll labelled LUGRUZ ZYRIT.
  2066 | D:3      | 2066 ||| DRINKING 2 fuming pink potions.
  2101 | D:3      | 2101 ||| DRINKING 3 black potions.
  2102 | D:3      | 2102 ||| DROPPING potion of lignification.
  2103 | D:3      | 2103 ||| DROPPING scroll of revelation.
  2189 | D:4      | Reached skill level 3 in Dodging
  2214 | D:4      | 2214 ||| FLEEEEING.
  2215 | D:4      | 2215 ||| FLEEEEING.
  2423 | D:4      | Reached XP level 6. HP: 35/35 MP: 8/8
  2827 | D:4      | 2827 ||| READING scroll labelled LIOCWIALIAC.
  2828 | D:4      | 2828 ||| READING scroll labelled XOBREUROED.
  2829 | D:4      | 2829 ||| READING 2 scrolls of identify.
  2829 | D:4      | 2829 ||| IDENTIFYING murky black potion
  2830 | D:4      | 2830 ||| DROPPING potion of berserk rage.
  2849 | D:5      | Entered Level 5 of the Dungeon
  2958 | D:5      | 2958 ||| READING scroll of enchant weapon.
  2958 | D:5      | 2958 ||| ENCHANTING +1 shortbow.
  3008 | D:5      | HP: 7/36 [orc/+3 trident (3)]
  3009 | D:5      | 3009 ||| DRINKING 3 potions of heal wounds.
  3162 | D:5      | Reached skill level 10 in Ranged Weapons
  3162 | D:5      | Reached XP level 7. HP: 40/40 MP: 9/9
  3183 | D:5      | HP: 9/40 [centaur/arrow (13)]
  3184 | D:5      | 3184 ||| DRINKING 2 potions of heal wounds.
  3297 | D:5      | 3297 ||| SWAPPING to +0 orcbow.
  3304 | D:5      | 3304 ||| DROPPING +2 shortbow.
  3312 | D:5      | Noticed Pikel
  3333 | D:5      | HP: 10/40 [Pikel/+2 whip of freezing (6)]
  3334 | D:5      | 3334 ||| DRINKING potion of heal wounds.
  3345 | D:5      | HP: 7/40 [Pikel/+2 whip of freezing (4)]
  3350 | D:5      | Slain by Pikel

Levels and vault maps discovered:
D:1:      noname_arrival_rooms_in_the_neighbourhood, layout_basic,
          grunt_decor_arrowhead
D:2:      layout_basic, serial_corexii_hall, chequers_hall_statues_wall_a,
          corexii_hall_statues_t, chequers_hall_statues_corner_a,
          corexii_hall_statues_s, serial_shops, nicolae_shop_peninsula, shop,
          nicolae_book_shop_shelving, shapermc_ecumenical_altar_venn
D:3:      layout_loops_ring, led_sif_book
D:4:      layout_basic, dk_noncrumbling_3, chequers_serial_rivers_micro_b
D:5:      layout_loops_corners, minivault_4, nicolae_zen_rock_garden,
          hellmonk_no_cap, uniq_pikel

Skill      XL: |  1  2  3  4  5  6  7 |
---------------+----------------------+-----
Ranged Weapons | 6 7 8 9 10 | 10.3
Dodging        | 3 4 |  4.5
Fighting       | 2 |  2.5
Stealth        | |  1.2

Action                     |  1- 3 |  4- 6 |  7- 9 || total
---------------------------+-------+-------+-------++-------
   Fire: Shortbow          |   102 |   202 |    10 ||   314
         Orcbow            |       |       |    43 ||    43
    Use: Scroll            |     4 |     7 |       ||    11
         Potion            |       |     3 |     2 ||     5
 Armour: Leather armour    |    10 |    30 |     6 ||    46
  Dodge: Dodged            |    19 |    54 |    26 ||    99

Table legend:
 A = Non-vault XP
 B = Vault XP
 C = Vault XP percentage of total XP
 D = Non-vault monster count
 E = Vault monster count
 F = Vault count percentage of total count
                 A         B        C        D         E       F
            +---------+---------+-------+---------+---------+-------
      Total |     850 |      70 |   7.6 |      93 |       2 |   2.1
            +---------+---------+-------+---------+---------+-------
        D:1 |      19 |       0 |   0.0 |       9 |       0 |   0.0
        D:2 |      66 |       0 |   0.0 |      25 |       0 |   0.0
        D:3 |     128 |      70 |  35.4 |      26 |       2 |   7.1
        D:4 |     241 |       0 |   0.0 |      22 |       0 |   0.0
        D:5 |     396 |       0 |   0.0 |      11 |       0 |   0.0
            +---------+---------+-------+---------+---------+-------
